[Event "Russia-China Match 2019"]
[Site "Moscow"]
[Date "2019.11.29"]
[Round "4.4"]
[White "Xu, Yinglun"]
[Black "Sarana, Alexey"]
[Result "1-0"]
[ECO "D38"]
[WhiteElo "2554"]
[BlackElo "2664"]
[Annotator "RC"]
[PlyCount "93"]
[EventDate "2019.11.26"]
[EventType "schev"]
[EventCountry "RUS"]
[SourceTitle "playchess.com"]
[Source "ChessBase"]
[SourceQuality "1"]
[TimeControl "40/5400+30:1800+30"]

1. d4 Nf6 2. c4 e6 3. Nf3 d5 4. Nc3 Bb4 5. Qb3 c5 6. dxc5 Nc6 7. Bg5 Qa5 8. Bxf6 dxc4 9. Qxc4 gxf6 10. Rc1 Qxc5 11. Qh4 Ke7 12. g3 Bxc3+ 13. Rxc3 Qb6 14. Nd2 Qxb2 15. Ne4 Qb1+ 16. Kd2 Rd8+ 17. Ke3 Qb6+ 18. Kf3 Nd4+ 19. Kg2 e5 20. Rc5 Qe6 21. e3 Nf5 22. Qxh7 b6 23. Bc4 bxc5 24. Bxe6 Bxe6 25. Rb1 Nd6 26. Nxd6 Rxd6 27. Rb7+ Rd7 28. Rxd7+ Bxd7 29. Qd3 Rc8 30. f4 c4 31. Qc3 Kf8 32. Kf2 Kg8 33. e4 exf4 34. gxf4 f5 35. exf5 Bxf5 36. h4 Bd3 37. h5 Rc6 38. a4 a6 39. Kg3 Be2 40. Qe5 Re6 41. Qg5+ Kh7 42. f5 Re4 43. Kf2 Bd1 44. f6 Rg4 45. Qd5 Rf4+ 46. Ke1 Rxf6 47. Kxd1 1-0

[Event "Russia-China Match 2019"]
[Site "Moscow"]
[Date "2019.11.30"]
[Round "5.5"]
[White "Wen, Yang"]
[Black "Esipenko, Andrey"]
[Result "1/2-1/2"]
[ECO "C54"]
[WhiteElo "2586"]
[BlackElo "2636"]
[Annotator "ChessBase"]
[PlyCount "78"]
[EventDate "2019.11.26"]
[EventType "schev"]
[EventCountry "RUS"]
[SourceTitle "playchess.com"]
[Source "ChessBase"]
[SourceQuality "1"]
[TimeControl "40/5400+30:1800+30"]

1. e4 e5 2. Nf3 Nc6 3. Bc4 Bc5 4. c3 Nf6 5. d4 exd4 6. e5 d5 7. Bb5 Ne4 8. cxd4 Bb6 9. Nc3 Bg4 10. Be3 O-O 11. h3 Bh5 12. Qc2 Bg6 13. Qb3 Ne7 14. O-O c6 15. Bd3 Nf5 16. Qc2 Nxe3 17. fxe3 Ng3 18. Bxg6 hxg6 19. Rfe1 Ba5 20. Rab1 Qe7 21. a3 Bxc3 22. Qxc3 Ne4 23. Qd3 c5 24. dxc5 Nxc5 25. Qxd5 Rad8 26. Qc4 Nd3 27. Re2 Nxe5 28. Nxe5 Qxe5 29. Rf1 Rd7 30. Qb3 Re8 31. Rd1 Red8 32. Rf1 Rc8 33. Ref2 Rcc7 34. Rf4 a6 35. Kh1 Qd5 36. Qa4 Qc6 37. Qb3 Qd5 38. Qa4 Qc6 39. Qb3 Qd5 1/2-1/2